Unix NetHack Version 5.0.0-0 post-release - last build May 10 2026 23:12:36 (d1fa5d53e341ca933230fdaa984d921c805b60aa,branch:main).

Game began 2026-05-11 18:34:29, ended 2026-05-11 20:00:38.

Koku, neutral female gnomish Wizard

                                                 --------------       ------
                   -----------       #           |....%.......%%      |....|
                  #..........|    ---|---        |..........%.|#     #.....|
                  #|..........#*##-...*.|        |.<......._..|#     #|....|
                  #|.........|    |.^....#       ---------|--|-#     #|.>..|
                  #-------.---    |.....|#                #### #     #------
                  ####    ######  ---.---#                 #   #     #
                     #         #######   #                 #   %     #
 ------              #         ##        #            ######   #     #
 |....|              #        ###        #        #####      # #     #
 |.....##           #######---|-------   ##   #####     #    ###     #
 |(...| ##          ##     |.........|    # --.---------.--    #     #
 |.{..-##########`   #     |.........|    ( |.............|   ##     #
 ------    ##        #     |..*......|    ##..............|   ###    #
            ##-------#     -----------      |.............|   #-.----#
             #|..{..-#                      |.............|   #.....|#
             #|.....|                       |.............|    |....|#
             #......|                       ---------------    |.....#
              -------                                          ------

Koku the Wererat          St:10 Dx:15 Co:14 In:17 Wi:11 Ch:11  Neutral
Dlvl:3  $:0  HP:11(11) Pw:15(59) AC:5  HD:2 T:4703 

Latest messages:
 You bite the gnome zombie.
 The gnome zombie hits!
 You miss the gnome zombie.
 The gnome zombie hits!
 In what direction? 4
 The spell hits the gnome zombie!
 You destroy the gnome zombie!
 You miss the giant ant.
 The giant ant bites!
 You bite the giant ant.
 The giant ant bites!
 The giant ant misses!
 In what direction? 2
 The spell misses the giant ant.
 The spell hits the grid bug!
 You kill the grid bug!
 The giant ant bites!
 In what direction? 2
 The spell hits the giant ant!
 You kill the giant ant!
 A golden potion shatters!
 You smell a peculiar odor...
 You have a momentary vision.
 Call a golden potion: hallucination
 In what direction? 2
 The spell hits the grid bug!
 You kill the grid bug!
 The grid bug strikes at thin air!
 You miss the grid bug.
 The grid bug bites!
 You avoid harm.
 You bite the grid bug.
 You kill the grid bug!
 In what direction? 6
 The spell hits the grid bug!
 You kill the grid bug!
 There are many objects here.
 You can only lift one of the 2 uncursed potions of healing lying here.
 You have much trouble lifting an uncursed potion of healing.  Continue? [ynq] (q) y
 You have much trouble lifting f - an uncursed potion of healing.
 You stagger under your heavy load.  Movement is very hard.
 What do you want to drink? [f or ?*] f
 You feel better.
 Your movements are now unencumbered.
 Really quit without saving? [yn] (n) y
 Do you want your possessions identified? [ynq] (y) y
 Do you want to see your attributes? [ynq] (y) y
 Do you want an account of creatures vanquished? [ynaq] (y) y
 Do you want to see your conduct and achievements? [ynq] (y) y
 Do you want to see the dungeon overview? [ynq] (y) y

Inventory:
 Scrolls  ('?')
  i - an uncursed scroll of scare monster
 Rings    ('=')
  e - a blessed +1 ring of protection (on right paw)
  d - an uncursed ring of stealth (on left paw)
 Tools    ('(')
  C - an uncursed blindfold
 Gems/Stones  ('*')
  w - an uncursed worthless piece of orange glass
  z - 3 uncursed worthless pieces of violet glass

Koku the Wizard's attributes:

Background:
 You were in female wererat form.
 You were actually a Conjurer, a level 5 female gnomish Wizard.
 You were neutral, on a mission for Thoth
 who was opposed by Ptah (lawful) and Anhur (chaotic).
 You were normally left-handed.
 You were in the Dungeons of Doom, on level 3.
 You entered the dungeon 4703 turns ago.

Basics:
 You had all 11 hit points.
 You had 15 out of 59 energy points (spell power).
 You had 2 hit dice.
 Your armor class was 5.
 Your wallet was empty.
 Autopickup was off.

Final Characteristics:
 Your strength was 10.
 Your dexterity was 15.
 Your constitution was 14.
 Your intelligence was 17.
 Your wisdom was 11.
 Your charisma was 11.

Final Status:
 You were transformed.
 You weren't hungry.
 You were unencumbered.
 You weren't wielding anything.
 You were unskilled in bare handed combat.
 You weren't wearing any armor.

Final Attributes:
 You were piously aligned.
 You were poison resistant.
 You were level-drain resistant.
 You were telepathic.
 You were invisible.
 You were stealthy.
 You regenerated.
 You had a small defense bonus (+1).
 You were warded.
 You were a wererat in beast form.
 You were harmed by silver.
 You were fast.
 You survived.

Miscellaneous:
 You didn't encounter any bones levels.
 Total elapsed playing time was 31 minutes and 22 seconds.

Major events:
 Turn
    1: Koku the neutral female gnomish Wizard entered the dungeon
  680: entered the Gnomish Mines
  888: attained the rank of Conjurer (level 3)
 4703: quit

Spells:
 Name                 Level Category     Fail Retention
 force bolt             1   attack         0%   71%-80%
 magic missile          2   attack         0%   81%-90%
 fireball               4   attack        77%   71%-80%
 identify               3   divination    93%  76%-100%

Skills:
 Fighting Skills
   bare handed combat [Unskilled]
   riding             [Unskilled]
 Weapon Skills
   dagger             [Basic]
   knife              [Unskilled]
   axe                [Unskilled]
   short sword        [Unskilled]
   club               [Unskilled]
   mace               [Unskilled]
   quarterstaff       [Basic]
   polearms           [Unskilled]
   spear              [Unskilled]
   trident            [Unskilled]
   sling              [Unskilled]
   dart               [Unskilled]
   shuriken           [Unskilled]
 Spellcasting Skills
   attack spells      [Basic]
   healing spells     [Unskilled]
   divination spells  [Unskilled]
   enchantment spells [Basic]
   clerical spells    [Unskilled]
   escape spells      [Unskilled]
   matter spells      [Unskilled]

Voluntary challenges:
 Character rerolling was not enabled.
 You never genocided any monsters.
 You never polymorphed an object.
 You used no wishes.
Achievements:
 You entered the Gnomish Mines.
 You attained the rank of Conjurer.

 The Dungeons of Doom: levels 1 to 4
    Level 1:
       A fountain, a grave.
    Level 2:
       Stairs down to The Gnomish Mines.
    Level 3: <- You were here.
       An altar to Thoth, some fountains.
    Level 4:
       A fountain.
 The Gnomish Mines:
    Level 3:


Vanquished creatures:
  a rock piercer
  a shrieker
  2 giant ants
  4 floating eyes
  a kobold leader
  4 rothes
  a rabid rat
  4 orc zombies
  a wererat
  3 iguanas
  2 acid blobs
  5 coyotes
  3 hobbits
  2 large kobolds
  a hobgoblin
  2 cave spiders
  a red mold
  a gnome
  3 garter snakes
  a gnome zombie
  6 geckos
  3 jackals
  3 foxes
  a goblin
  a sewer rat
 10 grid bugs
  6 lichens
  a kobold zombie
  7 newts
81 creatures vanquished.

No species were genocided or became extinct.

Goodbye Koku the Wizard...

You quit in The Dungeons of Doom on dungeon level 3 with 1170 points,
and 0 pieces of gold, after 4703 moves.
You were level 5 with a maximum of 30 hit points when you quit.

